Map: [ESL] Data-C

Players

Vindicta

  • Race: Terran Terran
  • Spawn Location: 9:00

MeomaikA - Winner!

  • Race: Zerg Zerg
  • Spawn Location: 3:00

Event: DreamHack SC2 Masters 2022 Valencia

VOD

Have the link to the VOD?

Description

Time

  • Played on: July 2, 2022, 3:17 a.m.
  • Length: 14:05

All games in this series

Show
View Real Time Build Order
Export as new Build Order

Vindicta Terran 

Build Orders: Reaper Expand 

Get SALT Encoding   

  12  0:00  SCV  
  13  0:12  SCV  
  14  0:18  Supply Depot  
  14  0:24  SCV  
  15  0:39  SCV  
  15  0:41  Barracks  
  16  0:44  Refinery  
  16  0:51  SCV  
  17  1:03  SCV  
  18  1:16  SCV  
  19  1:28  Orbital Command, Reaper  
  20  1:41  Command Center  
  20  1:50  Supply Depot  
  20  1:53  SCV  
  21  1:59  Barracks  
  21  2:03  Barracks Reactor  
  21  2:07  SCV  
  21  2:12  Supply Depot  
  21  2:19  SCV  
  21  2:21  Refinery  
  22  2:29  Factory  
  22  2:32  SCV  
  23  2:39  Marine x2  
  23  2:44  SCV  
  26  2:46  Barracks Tech Lab  
  26  2:56  Orbital Command  
  26  2:57  Marine  
  28  3:00  Marine  
  29  3:06  Stimpack  
  29  3:07  Marine  
  29  3:10  SCV  
  30  3:20  Starport  
  30  3:21  Marine  
  30  3:24  SCV  
  30  3:26  Marine  
  32  3:29  Factory Reactor  
  33  3:36  Supply Depot  
  33  3:38  Marine  
  33  3:39  Marine  
  35  3:41  SCV  
  35  3:44  Bunker  
  35  3:47  SCV  
  36  3:49  Marine  
  36  3:53  SCV  
  38  3:59  SCV  
  40  4:05  SCV, Marine  
  40  4:08  Marine  
  43  4:10  Supply Depot  
  43  4:11  SCV  
  43  4:14  Medivac  
  43  4:15  Medivac  
  47  4:18  SCV  
  47  4:22  Marine  
  48  4:24  SCV  
  48  4:25  Marine  
  48  4:28  Marine  
  48  4:30  SCV  
  52  4:36  SCV  
  53  4:41  Marine  
  53  4:42  SCV  
  53  4:43  Marine  
  56  4:46  Combat Shield  
  56  4:47  Supply Depot  
  56  4:50  Widow Mine  
  58  4:53  Marine  
  58  4:56  SCV x2  
  62  5:06  Marine  
  62  5:08  Marine  
  62  5:09  SCV x2, Medivac  
  67  5:15  Marine  
  63  5:24  Marine  
  63  5:26  Marine  
  63  5:27  SCV  
  63  5:29  SCV  
  63  5:33  Marine  
  65  5:42  Reaper, Command Center  
  66  5:44  Marine  
  69  5:51  Marine  
  69  5:54  Supply Depot  
  68  5:58  Engineering Bay  
  68  6:00  Engineering Bay  
  68  6:02  Marine  
  69  6:07  SCV  
  69  6:08  Bunker  
  70  6:11  SCV, Marine  
  70  6:14  Marine, Starport Reactor  
  70  6:18  Supply Depot  
  73  6:19  SCV  
  73  6:20  Marine  
  75  6:26  Widow Mine  
  75  6:29  Marine  
  75  6:32  SCV x2, Marine  
  81  6:33  Terran Infantry Weapons Level 1  
  81  6:37  Terran Infantry Armor Level 1  
  81  6:39  Marine  
  82  6:44  SCV  
  82  6:46  SCV  
  84  6:51  Widow Mine x2  
  84  6:52  Barracks  
  89  6:56  SCV  
  89  7:00  Armory  
  86  7:03  Factory  
  86  7:04  Medivac  
  86  7:07  Medivac  
  90  7:13  Marine  
  88  7:16  Marine  
  88  7:18  Marine, Widow Mine  
  90  7:27  Orbital Command  
  81  7:31  Marine  
  81  7:33  Marine  
  64  7:39  Orbital Command  
  64  7:40  Marine  
  65  7:49  Marine  
  63  7:51  Marine  
  63  7:55  SCV  
  63  7:56  Barracks Reactor  
  63  7:58  Marine  
  61  8:06  Marine  
  61  8:08  SCV  
  61  8:09  Marine  
  61  8:16  Marine  
  61  8:19  Orbital Command, Widow Mine  
  63  8:24  Marine  
  59  8:27  Marine  
  59  8:33  Marine  
  59  8:34  Drilling Claws, Marine  
  58  8:37  SCV  
  58  8:42  Marine  
  58  8:45  Marine  
  60  8:49  Marine  
  60  8:51  Marine  
  62  8:57  Supply Depot  
  62  9:00  Marine  
  62  9:01  Widow Mine  
  66  9:03  Marine  
  66  9:07  Marine  
  66  9:08  SCV  
  66  9:09  Marine  
  69  9:11  Supply Depot  
  69  9:18  Marine x2  
  69  9:20  Marine  
  72  9:24  Marine  
  72  9:26  Marine  
  74  9:35  Widow Mine  
  74  9:36  Marine  
  66  9:39  Marine  
  66  9:40  SCV  
  66  9:43  Marine  
  70  9:47  Widow Mine  
  70  9:49  SCV  
  70  9:51  Barracks Reactor  
  70  9:52  SCV  
  72  9:59  Widow Mine  
  74  10:01  SCV  
  74  10:04  Marine  
  74  10:05  SCV  
  76  10:08  Marine  
  76  10:09  Supply Depot  
  76  10:12  Marine  
  76  10:13  SCV  
  78  10:21  Marine  
  62  10:29  Marine  
  62  10:30  Widow Mine  
  62  10:32  SCV  
  64  10:35  Marine  
  64  10:41  Marine  
  66  10:44  Orbital Command  
  66  10:45  Marine  
  66  10:47  SCV, Marine  
  66  10:48  Marine  
  66  10:58  Marine  
  66  10:59  SCV  
  64  11:11  SCV  
  64  11:15  SCV  
  64  11:16  SCV  
  64  11:17  Marine x2  
  63  11:20  Marine  
  63  11:21  Marine  
  63  11:24  SCV  
  56  11:33  SCV  
  56  11:37  SCV  
  54  11:44  Marine  
  54  11:47  Widow Mine  
  54  11:52  Medivac  
  45  11:56  SCV  
  45  11:58  Marine  
  47  12:03  Marine x2  
  47  12:07  Marine  
  50  12:09  Marine  
  50  12:11  SCV  
  50  12:15  Marine  
  54  12:17  Marine  
  54  12:21  Marine x2  
  56  12:24  Marine  
  56  12:26  Marine  
  60  12:30  Widow Mine  
  60  12:31  SCV  
  60  12:33  SCV, Marine  
  60  12:34  Marine  
  64  12:39  Marine  
  64  12:43  Marine  
  66  12:45  Marine  
  66  12:49  Orbital Command  
  66  12:51  Marine  
  68  12:53  Marine  
  68  12:54  Marine  
  68  12:57  Marine  
  69  12:58  SCV  
  69  12:59  SCV  
  69  13:00  Medivac  
  69  13:01  Medivac  
  69  13:02  Marine  
  74  13:08  Marine x2  
  74  13:11  Marine  
  74  13:12  SCV, Marine  
  76  13:16  Marine  
  76  13:19  Orbital Command, Widow Mine  
  65  13:25  Orbital Command  
  58  13:30  Marine  
  58  13:32  Marine  
  48  13:39  Marine  
Show
View Real Time Build Order
Export as new Build Order

MeomaikA Zerg - Winner!

Build Orders: Pool First 

Get SALT Encoding   

  12  0:00  Drone  
  13  0:08  Drone  
  14  0:16  Overlord  
  14  0:27  Extractor  
  14  0:28  Drone  
  15  0:35  Drone x2  
  17  0:45  Spawning Pool  
  17  0:48  Drone  
  17  1:08  Hatchery  
  16  1:11  Drone  
  16  1:14  Extractor  
  16  1:16  Drone  
  17  1:20  Drone  
  18  1:32  Queen, Zergling x2  
  19  1:37  Drone  
  22  1:48  Overlord  
  22  2:06  Drone  
  22  2:08  Queen  
  23  2:09  Drone  
  23  2:13  Metabolic Boost  
  26  2:20  Queen  
  26  2:21  Drone  
  29  2:23  Drone  
  30  2:31  Drone x2  
  32  2:40  Drone x3  
  32  2:42  Drone  
  36  2:45  Overlord  
  36  3:02  Hatchery  
  36  3:04  Drone  
  36  3:05  Drone  
  37  3:10  Drone x2  
  39  3:15  Drone x2  
  41  3:20  Drone x3  
  44  3:28  Evolution Chamber  
  44  3:29  Baneling Nest  
  44  3:30  Overlord  
  44  3:33  Drone  
  43  3:36  Drone  
  44  3:49  Drone x4  
  44  3:53  Drone x2  
  44  3:55  Queen, Zerg Ground Armor Level 1  
  50  4:01  Overlord  
  52  4:04  Extractor  
  52  4:06  Overlord, Drone  
  52  4:07  Overlord  
  52  4:13  Overlord  
  52  4:16  Drone x3  
  55  4:17  Drone  
  55  4:21  Drone  
  56  4:28  Zergling x4  
  58  4:32  Zergling x4  
  58  4:33  Zergling x2  
  58  4:34  Zergling x2  
  58  4:36  Zergling x2  
  58  4:37  Zergling x2  
  64  4:39  Zergling x4  
  64  4:41  Zergling x2  
  64  4:44  Zergling x2  
  68  4:47  Lair  
  68  4:49  Zergling x2  
  68  4:50  Hatchery  
  68  4:52  Spore Crawler, Drone  
  68  4:55  Drone  
  68  4:58  Zergling x2  
  68  4:59  Drone  
  71  5:02  Drone  
  72  5:08  Zergling x6  
  72  5:09  Overlord, Drone x2  
  72  5:10  Zergling x2  
  79  5:14  Zergling x2  
  79  5:18  Zergling x2  
  79  5:19  Zergling x2  
  80  5:23  Zergling x4  
  80  5:24  Zergling x4  
  77  5:29  Zergling x2  
  77  5:34  Zergling x4  
  80  5:39  Zergling x4  
  80  5:40  Zergling x4  
  80  5:41  Queen  
  86  5:45  Zergling x4  
  86  5:47  Queen  
  90  5:50  Zerg Ground Armor Level 2  
  90  5:54  Evolution Chamber  
  90  5:55  Zergling x2  
  90  5:56  Overlord x2  
  90  6:00  Baneling x5  
  90  6:01  Baneling  
  90  6:02  Overlord, Zergling x2  
  90  6:03  Zergling x6  
  94  6:04  Zergling x2  
  94  6:05  Zergling x2  
  94  6:08  Overlord  
  96  6:15  Zergling x4  
  96  6:18  Zergling x4  
  100  6:19  Zergling x2  
  100  6:21  Zergling x4  
  100  6:23  Centrifugal Hooks, Zergling x4  
  100  6:25  Drone, Zerg Melee Weapons Level 1  
  104  6:27  Drone  
  104  6:32  Zergling x2  
  105  6:34  Zergling x4  
  105  6:35  Zergling x6  
  110  6:41  Zergling x8  
  110  6:43  Zergling x2  
  110  6:45  Zergling x2  
  116  6:49  Zergling x2  
  116  6:50  Zergling x2  
  116  6:51  Baneling x7  
  116  6:53  Zergling x2  
  119  6:55  Spore Crawler, Zergling x2  
  119  6:56  Spine Crawler, Zergling x4  
  119  6:57  Hatchery  
  119  6:58  Drone, Zergling x2  
  119  6:59  Drone  
  122  7:04  Zergling x2  
  122  7:08  Zergling x2  
  124  7:12  Zergling x2  
  124  7:13  Zergling x4  
  124  7:14  Zergling x2  
  111  7:16  Zergling x4  
  111  7:19  Zergling x2  
  111  7:22  Zergling x2  
  109  7:25  Zergling x2  
  109  7:27  Zergling x2  
  96  7:30  Zergling x2  
  96  7:32  Zergling x2  
  96  7:35  Zergling x6  
  96  7:36  Zergling x8  
  86  7:37  Zergling x4  
  86  7:38  Queen x3, Zergling x4  
  86  7:41  Zergling x2  
  86  7:43  Zergling x2  
  86  7:44  Baneling x5  
  96  7:48  Zergling x4  
  95  7:53  Zergling x4  
  94  7:59  Zergling x2  
  94  8:00  Drone  
  97  8:05  Drone  
  97  8:06  Zergling x6  
  97  8:07  Drone x2  
  97  8:08  Zergling x4  
  97  8:10  Drone x2  
  101  8:16  Zergling x2, Hatchery  
  101  8:17  Zergling x10  
  101  8:18  Zergling x2  
  101  8:19  Zergling x2  
  107  8:23  Zergling x2  
  98  8:30  Zergling x4  
  98  8:31  Zergling x2  
  98  8:32  Zergling x2  
  98  8:34  Drone x3  
  96  8:35  Zerg Melee Weapons Level 2  
  96  8:36  Zergling x4  
  96  8:38  Drone  
  96  8:39  Zergling x2  
  96  8:40  Infestation Pit, Zergling x2  
  97  8:42  Zergling x2  
  97  8:43  Drone  
  99  8:52  Zergling x6  
  102  8:57  Zergling x2  
  102  9:00  Baneling x13, Zergling x2  
  102  9:02  Extractor, Drone  
  105  9:03  Drone  
  105  9:04  Drone  
  105  9:05  Zergling x6  
  109  9:10  Queen  
  109  9:12  Zergling x4  
  109  9:13  Queen  
  109  9:16  Zergling x4  
  118  9:17  Zergling x2  
  118  9:18  Zergling x4  
  118  9:21  Zergling x4  
  118  9:22  Zergling x2  
  123  9:24  Zergling x4  
  123  9:25  Zergling x2  
  123  9:27  Zergling x4  
  123  9:28  Zergling x2  
  123  9:30  Zergling x2  
  129  9:32  Zergling x2  
  129  9:35  Zergling x4  
  129  9:36  Zergling x4  
  129  9:37  Zergling x2  
  124  9:38  Zergling x2  
  124  9:40  Zergling x2  
  124  9:43  Zergling x6  
  124  9:44  Zergling x6  
  125  9:45  Zergling x2  
  125  9:46  Zergling x2  
  125  9:49  Zergling x2  
  125  9:51  Hive  
  126  9:57  Overlord x2  
  126  9:59  Overlord  
  124  10:16  Zergling x2  
  124  10:17  Zergling x6  
  124  10:18  Zergling x4  
  124  10:19  Zergling x2  
  127  10:23  Zergling x4  
  127  10:24  Zergling x4  
  127  10:25  Zergling x4  
  127  10:26  Zergling x4  
  124  10:28  Zergling x2  
  124  10:30  Zergling x2  
  124  10:32  Zergling x6  
  124  10:33  Drone x2  
  124  10:34  Drone x2  
  124  10:35  Overlord  
  130  10:36  Zergling x4  
  130  10:37  Drone x2  
  130  10:39  Spine Crawler, Zergling x4  
  130  10:40  Spine Crawler  
  130  10:41  Spine Crawler  
  129  10:43  Queen, Zergling x2  
  129  10:48  Zergling x4  
  123  10:59  Zergling x6  
  123  11:00  Hatchery  
  123  11:01  Zergling x2  
  123  11:02  Zergling x8  
  123  11:03  Drone, Zergling x6  
  130  11:04  Zerg Melee Weapons Level 3  
  130  11:05  Zergling x2  
  130  11:06  Zergling x2  
  130  11:07  Zergling x2  
  130  11:08  Zergling x2  
  130  11:10  Zergling x2  
  133  11:12  Zergling x2  
  133  11:15  Spore Crawler, Zergling x4  
  129  11:22  Hatchery  
  129  11:23  Zergling x4  
  123  11:27  Zergling x4  
  123  11:28  Zergling x4  
  123  11:32  Zergling x4  
  99  11:34  Zergling x2  
  99  11:37  Zergling x2  
  99  11:38  Zergling x2  
  99  11:40  Zergling x4  
  99  11:45  Zergling x4  
  99  11:46  Zergling x2  
  98  11:47  Zergling x2  
  98  11:49  Zergling x6  
  98  11:53  Zergling x2  
  93  11:55  Drone  
  93  11:56  Zergling x2  
  93  11:59  Drone  
  96  12:01  Pneumatized Carapace  
  96  12:04  Ultralisk Cavern, Extractor, Zergling x6  
  96  12:05  Zergling x2  
  96  12:07  Overseer x2  
  99  12:08  Drone x3  
  99  12:09  Drone  
  99  12:11  Zergling x4  
  99  12:12  Extractor, Zergling x2  
  104  12:16  Drone x2  
  104  12:19  Zergling x2  
  104  12:21  Spore Crawler  
  104  12:22  Zergling x2  
  107  12:23  Drone  
  107  12:26  Zergling x4  
  110  12:36  Drone  
  105  12:37  Drone x6  
  105  12:38  Drone x2  
  105  12:39  Drone x2  
  105  12:40  Drone, Zergling x2  
  113  12:46  Zergling x4  
  114  12:51  Baneling  
  114  12:52  Baneling x14, Overseer  
  114  12:54  Zergling x2  
  114  12:55  Zergling x2  
  116  12:59  Zergling x6  
  116  13:01  Zergling x2  
  120  13:06  Zergling x2  
  120  13:07  Zergling x2  
  120  13:08  Drone, Zergling x2  
  120  13:09  Drone  
  114  13:26  Zergling x2  
  109  13:32  Zergling x4  
  103  13:39  Zergling x2  
  103  13:40  Zergling x16  
  118  13:42  Zergling x4  
  118  13:45  Zergling x4  
  118  13:46  Zergling x2  
  118  13:53  Drone  

Tags
 
Add a new tag
Caveats
  • Supply blocks, unpowered buildings, or Contaminate may cause inaccurate times.
  • Supply counts are checked every 10 seconds.